 Dungeon Crawl Stone Soup version 0.17-a0-1497-g03599f7 (webtiles) character file.

315 urechis the Skirmisher (level 6, 0/45 HPs)
             Began as an Octopode Fighter on July 6, 2015.
             Succumbed to poison (a potion of poison)
             ... on level 4 of the Dungeon.
             The game lasted 00:04:56 (3019 turns).

urechis the Skirmisher (Octopode Fighter)           Turns: 3019, Time: 00:04:57

Health: 0/45       AC:  1    Str: 15    XL:     6   Next: 44%
Magic:  3/6        EV: 10    Int: 11    God:
Gold:   126        SH:  8    Dex: 13    Spells: 0 memorised, 5 levels left

rFire  . . .     SeeInvis .     a - +0 long sword
rCold  . . .     Clarity  .     b - +0 shield
rNeg   . . .     SustAt   +     (helmet restricted)
rPois  .         Gourm    .     t - amulet of guardian spirit
rElec  .         Spirit   +     k - ring of sustain attributes
rCorr  .         Warding  .     (no ring)
rMut   .         Stasis   .     (no ring)
MR     .....                    (no ring)
Stlth  ++........               (no ring)
                                (no ring)
                                (no ring)
                                (no ring)

@: lethally poisoned (0 -> -43), not resistant to hostile enchantments,
unstealthy
A: almost no armour, amphibious, 8 rings, constrict 8, camouflage 1, gelatinous
body 1
a: no special abilities


You were on level 4 of the Dungeon.
You were near starving.

You visited 1 branch of the dungeon, and saw 4 of its levels.

You collected 126 gold pieces.

Inventory:

Hand weapons
 a - a +0 long sword (weapon)
Armour
 b - a +0 shield (worn)
Jewellery
 k - a ring of sustain attributes (left tentacle)
 t - an amulet of guardian spirit (around mantle)
Magical devices
 n - a wand of slowing (16)
Scrolls
 e - a scroll of noise {unknown}
 f - 3 scrolls of remove curse {unknown}
 i - a scroll of teleportation {unknown}
 m - a scroll of identify {unknown}
 o - a scroll of magic mapping {unknown}
 s - a scroll of blinking {unknown}
 v - a scroll of amnesia {unknown}
Potions
 c - a potion of might
 j - a potion of curing {unknown}
 l - 2 potions of agility {unknown}
 q - 2 potions of poison
Comestibles
 d - 4 bread rations
 g - a beef jerky
 h - 2 meat rations
 p - 2 fruits
 r - a slice of pizza


   Skills:
 + Level 5.3 Fighting
 + Level 4.9 Long Blades
 - Level 3.0 Dodging
 - Level 3.0 Shields


You had 5 spell levels left.
You didn't know any spells.

Dungeon Overview and Level Annotations

Branches:
Dungeon (4/15)
 Temple: D:4-7

Altars:
Elyvilon
Gozag


Innate Abilities, Weirdness & Mutations

You cannot wear most types of armour.
You are amphibious.
You can wear up to eight rings at the same time.
You can use your tentacles to constrict eight enemies at once.
Your skin changes colour to match your surroundings (Stealth).
Your rubbery body absorbs attacks (AC +1).


Message History

You constrict the scorpion, but do no damage.
You feel sick. The scorpion barely misses you.
You barely miss the scorpion.
You squeeze the scorpion, but do no damage.
The scorpion is moderately wounded.
You constrict the scorpion.
You feel sick. The scorpion stings you!
* * * LOW HITPOINT WARNING * * *
You are more poisoned.
The scorpion poisons you! The scorpion stings you.
* * * LOW HITPOINT WARNING * * *
You are too injured to fight recklessly!
You are too injured to fight recklessly!
You slash the scorpion!
You kill the scorpion!
* * * LOW HITPOINT WARNING * * *
You feel very sick.
Drink which item? (? for menu, Esc to quit)
It was a potion of poison.
That liquid tasted very nasty...
You are more poisoned.
You die...

#.# .. ###+###
######.##.b.....
........#.......
........#..$....
........#.....s.
................
.......#)###.##
.......#.@##
...........#
...........#.#
...........#.#
#######....#.#
#######..#.#
.........#.#
##########..#.#
..............#####


There were no monsters in sight!

Vanquished Creatures
  A scorpion (D:4)
  An orc priest (D:4)
  Crazy Yiuf (D:2)
  An orc wizard (D:3)
  2 worker ants (D:4)
  Robin (D:2)
  4 adders
  2 worms (D:3)
  2 giant geckos
  5 orcs
  4 giant cockroaches
  10 goblins
  11 hobgoblins
  8 jackals
  4 kobolds
  A quokka (D:3)
  6 bats
  5 giant newts
  11 rats
80 creatures vanquished.

Notes
Turn   | Place    | Note
--------------------------------------------------------------
     0 | D:1      | urechis the Octopode Fighter began the quest for the Orb.
     0 | D:1      | Reached XP level 1. HP: 16/16 MP: 1/1
   110 | D:1      | Reached XP level 2. HP: 21/21 MP: 2/2
   369 | D:1      | Reached XP level 3. HP: 24/26 MP: 3/3
   734 | D:2      | Noticed Robin
  1147 | D:2      | Noticed Crazy Yiuf
  1150 | D:2      | Killed Crazy Yiuf
  1150 | D:2      | Reached skill level 4 in Fighting
  1150 | D:2      | Reached XP level 4. HP: 33/33 MP: 4/4
  1698 | D:2      | Killed Robin
  2197 | D:3      | Reached XP level 5. HP: 35/37 MP: 5/5
  2209 | D:3      | Found a white marble altar of Elyvilon.
  2567 | D:3      | Found an opulent altar of Gozag.
  2839 | D:4      | Noticed a phantom
  2935 | D:4      | Reached skill level 5 in Fighting
  2935 | D:4      | Reached XP level 6. HP: 18/45 MP: 1/6
  3019 | D:4      | Succumbed to poison (a potion of poison)

Vault maps used:
D:1:      minmay_arrival_split_and_join
D:2:      first_bread, uniq_crazy_yiuf_cottage, uniq_robin
D:3:      nicolae_gozag_seed_capital, minmay_strange_pillars, elyvilon_altar_1
D:4:      uniq_natasha

Action                   |  1- 3 |  4- 6 || total
-------------------------+-------+-------++-------
Melee: Long sword        |    69 |    73 ||   142
  Use: Potion            |       |     1 ||     1
 Stab: Sleeping          |    11 |     5 ||    16
       Distracted        |       |     1 ||     1
  Eat: Chunk             |     1 |     4 ||     5
